 Dungeon Crawl Stone Soup version 0.30-a0-634-g8abc85282e (webtiles) character file.

Game seed: 18063506692957374121

6174 Popcorn the Nimble (level 10, -1/63 HPs)
             Began as a Vampire Earth Elementalist on Jan 14, 2023.
             Was a Believer of Sif Muna.
             Slain by a troll (13 damage)
             ... on level 9 of the Dungeon.
             The game lasted 00:43:02 (9587 turns).

Popcorn the Nimble (Vampire Earth Elementalist)     Turns: 9587, Time: 00:43:03

Health: -1/63      AC:  6    Str:  7    XL:     10   Next: 60%
Magic:  14/17      EV: 34    Int: 20    God:    Sif Muna [**....]
Gold:   634        SH:  0    Dex: 22    Spells: 10/19 levels left

rFire   . . .      SeeInvis +    (weapon currently unavailable)
rCold   . . .      Faith    .    (shield currently unavailable)
rNeg    . . .      Spirit   .    (body armour currently unavailable)
rPois   x          Reflect  .    (helmet currently unavailable)
rElec   .          Harm     .    (cloak currently unavailable)
rCorr   .          Rampage  .    (gloves currently unavailable)
Will    +....                    (boots currently unavailable)
Stlth   +++                      (no amulet)
HPRegen 0.50/turn                w - +4 ring of protection
MPRegen 0.15/turn                y - +5 ring of evasion

@: spider-form, healing quickly
A: venomous fangs, tiny, alive, (fangs 3), see invisible, vampiric 2
a: Exsanguinate, End Transformation, Renounce Religion, Channel Magic


You were on level 9 of the Dungeon.
You worshipped Sif Muna.
Sif Muna was pleased with you.
You were a venomous arachnid creature.
You visited 2 branches of the dungeon, and saw 11 of its levels.

You collected 634 gold pieces.

Inventory:

Hand Weapons
 A - a +0 rapier (melded)
Missiles
 z - a throwing net
Armour
 l - a +0 helmet (melded)
 x - a +1 robe of resistance
 C - the +5 robe of Night (melded) {Dark Will+ SInv}
   (You found it on level 8 of the Dungeon)

   Dark:      It shrouds the wearer in darkness, reducing the range at which
   they can see and be seen by others.
   SInv:      It lets you see invisible.
   Will:      It increases your willpower.
Jewellery
 e - an amulet of guardian spirit
 w - a +4 ring of protection (left front pincers)
 y - a +5 ring of evasion (right front pincers)
Wands
 n - a wand of paralysis (9)
 t - a wand of mindburst (21)
Scrolls
 a - 2 scrolls of magic mapping
 d - 2 scrolls of torment
 f - 4 scrolls of fog
 o - a scroll of teleportation
 q - 3 scrolls of blinking
 v - a scroll of immolation
 B - 2 scrolls of fear
 E - a scroll of amnesia
Potions
 b - 2 potions of magic
 c - 2 potions of might
 g - 2 potions of heal wounds
 h - a potion of brilliance
 i - 3 potions of cancellation
 j - 2 potions of haste
 k - a potion of curing
 m - 2 potions of mutation
 p - a potion of attraction
 r - 2 potions of invisibility
 s - 4 potions of lignification
 D - a potion of berserk rage {unknown}


   Skills:
 + Level 6.8(7.1) Short Blades
 - Level 2.1(4.5) Long Blades
 + Level 9.3 Dodging
 - Level 5.0 Stealth
 + Level 5.1 Spellcasting
 - Level 7.3 Transmutations
 + Level 5.5 Earth Magic
 - Level 6.0 Poison Magic


You had 10 spell levels left.
You knew the following spells:

 Your Spells              Type           Power      Damage    Failure   Level
a - Sandblast             Erth           54%        2d13      6%          1
b - Passwall              Tmut/Erth      25%        N/A       6%          2
c - Stone Arrow           Conj/Erth      32%        3d9       26%         3
d - Spider Form           Tmut/Pois      31%        N/A       9%          3

Your spell library contained the following spells:

 Spells                   Type           Power      Damage    Failure   Level
 Beastly Appendage        Tmut           68%        N/A       3%          1
 Wereblood                Tmut           34%        N/A       4%          2
 Poisonous Vapours        Pois/Air       34%        N/A       14%         2
 Cigotuvi's Dreadful Rot  Necr/Pois/Air  26%        N/A       21%         2
 Petrify                  Tmut/Erth      30%        N/A       22%         4
 Summon Small Mammal      Summ           20%        N/A       28%         1
 Mephitic Cloud           Conj/Pois/Air  13%        N/A       34%         3
 Call Canine Familiar     Summ           5%         N/A       56%         3
 Gell's Gravitas          Tloc           5%         N/A       56%         3
 Inner Flame              Hex/Fire       5%         N/A       56%         3
 Summon Guardian Golem    Hex/Summ       5%         N/A       56%         3
 Teleport Other           Tloc           5%         N/A       56%         3
 Flame Wave               Conj/Fire      5%         2d5       89%         4
 Sticky Flame             Conj/Fire      5%         2d3       89%         4
 Dispersal                Tloc           2%         N/A       100%        6


Dungeon Overview and Level Annotations

Branches:
Dungeon (10/15)            Temple (1/1) D:5
   Lair: D:8-11         Orc: D:9-12

Altars:
Ashenzari
Fedhas
Gozag
Kikubaaqudgha
Okawaru
Ru
Sif Muna
Trog
Vehumet
Yredelemnul

Shops:
D:4 *

Annotations:
D:9 exclusions: catoblepas and two-headed ogre


Innate Abilities, Weirdness & Mutations

You are a venomous arachnid creature.
You have venomous fangs.
You are tiny and dextrous.
Your spellcasting is less reliable in this form.
Your armour is entirely melded.
You are incapable of wielding weapons or throwing items.
Your natural rate of healing is accelerated.
((You have razor-sharp teeth.))
You have supernaturally acute eyesight. (SInv)
You are afflicted with vampirism and can become a bat while bloodless.


Message History

The bolt of electricity hits you!
The electric eel shoots out a bolt of lightning at you!
The bolt of electricity hits you! The troll completely misses you.
The troll misses you. x2
You climb upwards.
Level annotation: exclusions: catoblepas and two-headed ogre
There is a stone staircase leading down here.
You hit the troll but do no damage.
The troll is poisoned.
The troll is heavily wounded.
The troll barely misses you. The troll completely misses you.
The troll misses you.
You hit the troll.
The troll looks as sick as possible!
The troll is heavily wounded.
The troll completely misses you. The troll claws you.
The troll completely misses you.
You hit the troll.
The troll looks as sick as possible!
The troll is heavily wounded.
The troll misses you. x2; The troll completely misses you.
You hit the troll.
The troll is severely wounded.
The troll closely misses you. The troll completely misses you.
The troll closely misses you.
You barely miss the troll.
The troll is severely wounded.
The troll bites you! The troll claws you but does no damage.
The troll barely misses you.
You hit the troll but do no damage.
The troll is severely wounded.
The troll completely misses you. x3
You hit the troll but do no damage.
The troll is severely wounded.
The troll barely misses you. The troll misses you. The troll claws you.
You hit the troll.
The troll looks as sick as possible!
The troll is severely wounded.
The troll completely misses you. x2; The troll claws you!
* * * LOW HITPOINT WARNING * * *
You hit the troll but do no damage.
The troll looks as sick as possible!
The troll is severely wounded.
The troll bites you!
You die...

#......................#.#
###....##....#####.......#.#
.........##...# ##.....##.#
.......#.##.#..####.....#.##
.......................##...
.......#.......#.......###.z
.........####.........##..##
############..T####.......##..).
#..........###.s.........##.##z.
#..........# ######......#....##
#..........#########....##......
#......<...........)).#####...##
#...................####.#......
#.................#####.##.#####
#...............### ##.###.#
#.............#######.## #.#
#...........##.......## ##.#


You could see a troll (extremely poisoned).

Vanquished Creatures
  A komodo dragon (D:9)
  An unseen horror (D:10)
  A hornet (D:8)
  3 dream sheep (D:8)
  2 shadows (D:8)
  8 yaks (D:8)
  A wraith (D:9)
  A steam dragon (D:7)
  An acid dragon (D:8)
  2 water moccasins (D:9)
  2 orc warriors (D:8)
  A black bear (D:8)
  2 ice beasts (D:7)
  2 centaurs (D:7)
  An ogre (D:5)
  A phantom (D:6)
  5 bullfrogs
  4 scorpions
  A necrophage (D:6)
  3 wights (D:7)
  The ghost of osoart the Shooter, a weakling BaHu (D:3)
  A vampire bat (D:5)
  A howler monkey (D:5)
  A centaur zombie (D:3)
  4 hounds
  A bullfrog zombie (D:3)
  5 jellies
  4 orc priests
  A gnoll bouda (D:6)
  3 iguanas
  Terence (D:3)
  11 orc wizards
  A howler monkey zombie (D:3)
  12 gnolls
  6 adders
  3 shadow imps
  2 white imps (D:5)
  4 dart slugs
  A worm (D:2)
  32 orcs
  4 ball pythons
  3 bats (D:3)
  5 bat skeletons (D:5)
  2 bat zombies (D:5)
  8 endoplasms
  4 giant cockroaches
  4 goblins
  6 hobgoblins
  2 jackals (D:2)
  4 quokkas
  5 frilled lizards
  7 kobolds
  A rat (D:2)
193 creatures vanquished.

Vanquished Creatures (others)
  A yak (D:9)
1 creature vanquished.

Grand Total: 194 creatures vanquished

Notes
Turn   | Place    | Note
-------+----------+-------------------------------------------
     0 | D:1      | Popcorn the Vampire Earth Elementalist began the quest for
                  | the Orb.
     0 | D:1      | Reached XP level 1. HP: 13/13 MP: 3/3
   296 | D:1      | Reached XP level 2. HP: 19/19 MP: 3/5
   954 | D:2      | Gained mutation: You are afflicted with vampirism and can
                  | become a bat while bloodless. [Vampire growth]
   954 | D:2      | Reached XP level 3. HP: 24/24 MP: 2/6
  1711 | D:2      | Reached skill level 3 in Dodging
  1806 | D:2      | Reached XP level 4. HP: 30/30 MP: 5/7
  2015 | D:3      | Noticed Terence
  2234 | D:3      | Found a radiant altar of Vehumet.
  2504 | D:3      | Found a bloodstained altar of Trog.
  2777 | D:3      | Killed Terence
  2837 | D:3      | Reached skill level 5 in Stealth
  2837 | D:3      | Reached XP level 5. HP: 31/35 MP: 6/9
  2922 | D:3      | Found a runed translucent gate.
  2922 | D:3      | Found a runed translucent gate.
  2923 | D:3      | Found a runed translucent gate.
  2924 | D:3      | Noticed osoart's ghost (weakling BaHu)
  3034 | D:3      | Killed osoart's ghost
  3035 | D:3      | Reached skill level 4 in Dodging
  3035 | D:3      | Reached XP level 6. HP: 34/41 MP: 7/11
  3492 | D:4      | Found Sumer's Lightly-Used Armoury.
  3896 | D:4      | Learned a level 2 spell: Passwall
  4106 | D:5      | Entered Level 5 of the Dungeon
  4109 | D:5      | Reached XP level 7. HP: 46/46 MP: 10/13
  4152 | D:5      | Reached skill level 5 in Earth Magic
  4253 | D:5      | Reached skill level 5 in Dodging
  4393 | D:5      | Found a staircase to the Ecumenical Temple.
  4405 | Temple   | Entered the Ecumenical Temple
  4428 | Temple   | Became a worshipper of Sif Muna the Loreminder
  4581 | D:5      | Found an opulent altar of Gozag.
  4691 | D:5      | Learned a level 3 spell: Stone Arrow
  4695 | D:5      | Learned a level 3 spell: Spider Form
  4811 | D:5      | Found an ancient bone altar of Kikubaaqudgha.
  5039 | D:6      | Reached skill level 1 in Long Blades
  5100 | D:6      | Reached skill level 1 in Poison Magic
  5369 | D:6      | Reached XP level 8. HP: 52/52 MP: 11/15
  5429 | D:6      | Reached skill level 5 in Spellcasting
  5500 | D:6      | Reached skill level 6 in Dodging
  5650 | D:6      | Found a broken altar of Ashenzari.
  5926 | D:7      | Reached skill level 1 in Short Blades
  6103 | D:7      | Found an iron altar of Okawaru.
  6463 | D:7      | Reached * piety under Sif Muna
  6478 | D:7      | Reached XP level 9. HP: 38/57 MP: 13/16
  6489 | D:7      | Reached skill level 7 in Dodging
  7058 | D:8      | Reached skill level 5 in Transmutations
  7178 | D:8      | Reached skill level 8 in Dodging
  7254 | D:8      | Found the +5 robe of Night {Dark Will+ SInv}
  7304 | D:8      | Reached skill level 5 in Short Blades
  7667 | D:8      | Reached skill level 5 in Poison Magic
  7758 | D:8      | Reached ** piety under Sif Muna
  7858 | D:8      | Reached XP level 10. HP: 49/63 MP: 15/17
  8895 | D:9      | Reached skill level 9 in Dodging
  9190 | D:9      | Noticed a two-headed ogre
  9525 | D:9      | Noticed a catoblepas
  9558 | D:10     | Entered Level 10 of the Dungeon
  9587 | D:9      | Slain by a troll

Illustrated notes

Levels and vault maps discovered:
D:1:      dpeg_arrival_orchard, layout_basic
D:2:      layout_loops_ring, serial_rivers, chequers_serial_rivers_large_b,
          chequers_serial_rivers_micro_b, chequers_serial_rivers_room_a,
          chequers_serial_rivers_small_b
D:3:      layout_loops_corners, mainiacjoe_overflow_alcove_4, marbit_many_paths,
          gammafunk_ghost_necromancy, minmay_hedge_maze,
          hangedman_decor_growths, uniq_terence
D:4:      layout_gridville, grunt_decor_one_mirror, minmay_shop_damaged
D:5:      layout_cave_pools, nicolae_gozag_cash_rules_everything_around_me,
          kennysheep_vampire_church, minmay_temple_entry_large_hall
D:6:      layout_loops_ring, mainiacjoe_overflow_alcove_2
D:7:      layout_rooms, okawaru_gym_becter
D:8:      layout_loops_ring, enter_bailey_7, serial_glass, glass_columns_a,
          glass_columns_b, glass_columns_a, glass_columns_c,
          hellmonk_guarded_unrand_night
D:9:      minmay_the_grid_four_pointed_star
          [minmay_the_grid_triangle_9x9_checkered,
          minmay_the_grid_triangle_9x9_stretched_checkered,
          minmay_the_grid_triangle_9x9_odd_lines,
          minmay_the_grid_triangle_9x9_minimal,
          minmay_the_grid_prize_shrinking_boxes], layout_rooms,
          grunt_ministairs_7, lemuel_flamethrower_1
D:10:     layout_rooms, erik_lair_island, special_room [special_room_orc],
          gammafunk_ghost_ooze
Temple:   kb_temple_of_zot

Skill      XL: |  1  2  3  4  5  6  7  8  9 10 |
---------------+-------------------------------+-----
Stealth        | 4 5 |  5.0
Dodging        | 3 4 5 6 8 9 |  9.3
Spellcasting   | 3 4 5 |  5.1
Earth Magic    | 4 5 |  5.5
Long Blades    | 1 2 |  2.1
Poison Magic   | 1 3 5 6 |  6.0
Transmutations | 2 4 6 7 |  7.3
Short Blades   | 3 5 6 |  6.8

Action                   |  1- 3 |  4- 6 |  7- 9 | 10-12 || total
-------------------------+-------+-------+-------+-------++-------
Melee: Unarmed           |     2 |     1 |   200 |   229 ||   432
       Bite              |     1 |     3 |    16 |       ||    20
       Staff             |       |    13 |     6 |       ||    19
       Falchion          |       |       |    18 |       ||    18
       Punch             |       |       |     2 |       ||     2
       Rapier            |       |       |    33 |     3 ||    36
 Cast: Sandblast         |    42 |    82 |   107 |    16 ||   247
       Spider Form       |       |       |    14 |    13 ||    27
       Stone Arrow       |       |       |     7 |     4 ||    11
Invok: Channel Magic     |       |       |       |     1 ||     1
  Use: Scroll            |     7 |     4 |     9 |     3 ||    23
       Potion            |       |     1 |       |     1 ||     2
Armor: Robe              |     1 |    10 |    27 |     4 ||    42
       Skin              |       |       |     5 |    19 ||    24
Dodge: Dodged            |     3 |    28 |   283 |   273 ||   587

Table legend: (Time is in decaauts)
 A = Elapsed time spent in this place.
 B = Non-inter-level travel time spent in this place.
 C = Inter-level travel time spent in this place.
 D = Time resting spent in this place.
 E = Time spent auto-exploring this place.
 F = Levels seen in this place.
 G = Mean time per level.
                   A        B        C        D        E       F      G
               +--------+--------+--------+--------+--------+-----+--------+
         Total |   9784 |   9458 |    326 |   1639 |   5718 |  11 |  889.5 |
       Dungeon |   9743 |   9433 |    310 |   1639 |   5704 |  10 |  974.3 |
        Temple |     40 |     24 |     16 |      0 |     14 |   1 |   40.0 |
               +--------+--------+--------+--------+--------+-----+--------+

Top non-repeatable levels by time:
     D:8: 1952 daAuts
     D:3: 1480 daAuts
     D:2: 1085 daAuts
     D:7: 1060 daAuts
     D:6: 916 daAuts
     D:5: 882 daAuts
     D:1: 871 daAuts
     D:4: 790 daAuts
     D:9: 682 daAuts
  Temple: 40 daAuts
    D:10: 21 daAuts
